AoeStats
← ME_DEPRIME_JUGAR_CON_USTEDES

Socotra

505974159Analyzed
4v4 RM · 20d ago on Sep 11, 2026· 18m 24s· 8 players
Game mode
Random Map
Map size
148×148
Population
200
Speed
Normal
Resources
Standard
Victory
Conquest
Starting age
Dark Age
Ending age
Imperial Age
RankedLock teamsTeams togetherTeam positionsShared explorationLock speedFull tech treeHidden civsTurbo modeCheats
Victory
Defeat
🇵🇱 Celts · Poland
1638
+9
🇨🇦 Bohemians · Canada
1590
+10
1542
+12
🇩🇪 Teutons · Germany
1540
+12
🇺🇾 Shu · Uruguay
1541
-13
🇻🇳 Bulgarians · Vietnam
1511
-13
🇦🇷 Cumans · Argentina
1416
-9
🇵🇪 Huns · Peru
1391
-8
rikardo_latino
0:26 Loom
ノルフ
8:49 Loom
10:34 Feudal Age
15:06 Castle Age
13:26 Double-Bit Axe
16:11 Bow Saw
ForeveR
6:48 Loom
9:13 Feudal Age
9:53 Double-Bit Axe
12:23 Horse Collar
13:51 Fletching
14:11 Padded Archer Armor
ME_DEPRIME_JUGAR_CON_USTEDES
4:41 Loom
DragonMoche
6:21 Loom
8:51 Feudal Age
9:22 Double-Bit Axe
9:53 Horse Collar
|MP| layc0ni
3:49 Loom
10:43 Feudal Age
|MP| Luriel
7:06 Loom
9:21 Feudal Age
10:54 Fletching
14:06 Padded Archer Armor
Kazie
4:11 Loom
13:31 Feudal Age
Connection lost

Rejoining the realm…

Still unreachable

The connection could not be restored.

Session expired

The server has moved on; the page needs a fresh start.